 Dungeon Crawl Stone Soup version 0.31-a0-339-gda1cbd555d (webtiles) character file.

Game seed: 15180603152987424934

149 cforsyth the Digger (level 5, 0/31 HPs)
             Began as a Vampire Earth Elementalist on July 20, 2023.
             Slain by an orc priest
             ... wielding a +0 trident
              (3 damage)
             ... on level 4 of the Dungeon.
             The game lasted 00:04:13 (2693 turns).

cforsyth the Digger (Vampire Earth Elementalist)    Turns: 2693, Time: 00:04:14

Health: 0/31       AC:  9    Str:  7    XL:     5   Next: 9%
Magic:  13/20      EV: 12    Int: 21    God:
Gold:   160        SH:  0    Dex: 15    Spells: 10/11 levels left

rFire   . . .        (no weapon)
rCold   . . .        (no shield)
rNeg    . . .        a - +0 robe
rPois   .            p - +3 crown of Dyrovepreva {rElec Int+2 SInv}
rElec   +            (no cloak)
rCorr   .            (no gloves)
SInv    +            (no boots)
Will    .....        (no amulet)
Stlth   ++           e - +4 ring of protection
HPRegen 0.45/turn    g - ring of magical power
MPRegen 0.17/turn

%: no passive effects
@: healing quickly
A: alive, fangs 3, see invisible, vampiric 2, frail 1, high MP 1
a: Exsanguinate


You were on level 4 of the Dungeon.
You visited 1 branch of the dungeon, and saw 4 of its levels.

You collected 160 gold pieces.

Inventory:

Armour
 a - a +0 robe (worn)
 p - the +3 crown of Dyrovepreva (worn) {rElec Int+2 SInv}
   (You found it on level 2 of the Dungeon)

   Int:       It affects your intelligence (+2).
   rElec:     It insulates you from electricity.
   SInv:      It lets you see invisible.
Jewellery
 e - a +4 ring of protection (left hand)
 g - a ring of magical power (right hand)
 k - a ring of flight
 n - an amulet of guardian spirit
Scrolls
 h - a scroll of amnesia {unknown}
 i - 2 scrolls of poison {unknown}
 l - 2 scrolls of identify {unknown}
 m - 2 scrolls of teleportation {unknown}
 o - a scroll of fog {unknown}
Potions
 b - 2 potions of magic
 c - a potion of might {unknown}
 d - a potion of heal wounds
 f - 3 potions of mutation
 j - a potion of degeneration {unknown}
 q - a potion of haste {unknown}
 r - a potion of attraction {unknown}


   Skills:
 - Level 2.1 Dodging
 - Level 3.0 Stealth
 + Level 3.7 Spellcasting
 - Level 1.1 Transmutations
 + Level 4.6 Earth Magic


You had 10 spell levels left.
You knew the following spells:

 Your Spells              Type           Power      Damage    Failure   Level
a - Sandblast             Erth           46%        2d11      1%          1

Your spell library contained the following spells:

 Spells                   Type           Power      Damage    Failure   Level
 Passwall                 Tmut/Erth      12%        N/A       6%          2
 Sting                    Tmut/Pois      24%        1d4       10%         1
 Apportation              Tloc           6%         N/A       12%         1
 Stone Arrow              Conj/Erth      26%        3d8       14%         3
 Poisonous Vapours        Pois/Air       6%         N/A       19%         2
 Petrify                  Tmut/Erth      15%        N/A       36%         4
 Olgreb's Toxic Radiance  Pois           3%         N/A       77%         4
 Alistair's Intoxication  Tmut/Pois      4%         N/A       95%         5


Dungeon Overview and Level Annotations

Branches:
Dungeon (4/15)
 Temple: D:4-7

Altars:

Annotations:
D:3 Ijyb, Robin


Innate Abilities, Weirdness & Mutations

Your natural rate of healing is accelerated.
You have razor-sharp teeth.
You have supernaturally acute eyesight. (SInv)
You are afflicted with vampirism and can become a bat while bloodless.
You are frail. (-10% HP)
You have an increased reservoir of magic. (+10% MP)


Message History

The blast of sand misses the orc priest.
The orc misses you.
The orc priest hits you but does no damage.
The orc priest invokes the aid of Beogh against you.
Pain shoots through your body! The orc hits you but does no damage.
The orc priest invokes the aid of Beogh against you.
Pain shoots through your body!
* * * LOW HITPOINT WARNING * * *
The orc priest misses you.
Casting: Sandblast (safe; 1% risk of failure)
Confirm with . or Enter, or press ? or * to list all spells.
Aiming: Sandblast (safe; 1% risk of failure)
Press: ? - help, Shift-Dir - straight line, f/p - orc priest
Aim: an orc priest, wielding a +0 hand axe and wearing a +0 leather armour (83% to hit)
The blast of sand hits the orc priest!
The orc priest is heavily wounded.
The orc hits you but does no damage. The orc priest closely misses you.
The orc priest hits you but does no damage.
Casting: Sandblast (safe; 1% risk of failure)
Confirm with . or Enter, or press ? or * to list all spells.
Aiming: Sandblast (safe; 1% risk of failure)
Press: ? - help, Shift-Dir - straight line, f/p - orc priest
Aim: an orc priest, wielding a +0 hand axe and wearing a +0 leather armour (heavily wounded, 83% to hit)
The blast of sand hits the orc priest!
You kill the orc priest!
The orc hits you with a +3 short sword.
* * * LOW HITPOINT WARNING * * *
The orc priest hits you but does no damage. x2
The orc hits you but does no damage.
You have reached level 5!
You feel agile.
Casting: Sandblast (safe; 1% risk of failure)
Confirm with . or Enter, or press ? or * to list all spells.
Aiming: Sandblast (safe; 1% risk of failure)
Press: ? - help, Shift-Dir - straight line, f - orc priest
Aim: an orc priest, wielding a +0 trident and wearing a +0 chain mail (87% to hit)
The blast of sand hits the orc priest but does no damage.
The orc closely misses you.
The orc priest hits you from afar with a +0 trident.
You die...

#........#.....##
#........#######
#........#
#........#
#........#
#....##### #....#
#....# #@o..#
+.)..# #o...#
#)...# #....#
#.?... #......
#......#


You could see an orc priest and an orc.

Vanquished Creatures
  An orc priest (D:4)
  A sleepcap (D:4)
  2 adders
  An ufetubus (D:4)
  2 worms (D:3)
  A dart slug (D:1)
  An orc (D:4)
  2 ball pythons (D:1)
  An endoplasm (D:2)
  3 giant cockroaches
  9 goblins
  7 hobgoblins
  5 jackals (D:1)
  6 kobolds
  A quokka (D:1)
  4 bats
  7 frilled lizards
  5 rats
59 creatures vanquished.

Notes
Turn   | Place    | Note
-------+----------+-------------------------------------------
     0 | D:1      | cforsyth the Vampire Earth Elementalist began the quest for
                  | the Orb.
     0 | D:1      | Reached XP level 1. HP: 13/13 MP: 3/3
   138 | D:1      | Reached XP level 2. HP: 17/19 MP: 3/5
   544 | D:1      | You fall into a shaft and drop 1 floor!
   749 | D:1      | Gained mutation: You are afflicted with vampirism and can
                  | become a bat while bloodless. [Vampire growth]
   749 | D:1      | Reached XP level 3. HP: 24/24 MP: 7/7
  1310 | D:2      | Found the +3 crown of Dyrovepreva {rElec Int+2 SInv}
  2082 | D:3      | Reached skill level 4 in Earth Magic
  2182 | D:3      | Reached XP level 4. HP: 30/30 MP: 8/8
  2373 | D:3      | Noticed Robin
  2375 | D:3      | Noticed Ijyb
  2383 | D:3      | Gained mutation: You are frail. (-10% HP) [potion of
                  | mutation]
  2383 | D:3      | Gained mutation: You have an increased reservoir of magic.
                  | (+10% MP) [potion of mutation]
  2693 | D:4      | Reached XP level 5. HP: 3/31 MP: 11/11
  2693 | D:4      | Slain by an orc priest

Illustrated notes

Levels and vault maps discovered:
D:1:      psy_arrival_fountain, layout_basic
D:2:      layout_basic
D:3:      layout_loops_corners, nicolae_goblin_pals
D:4:      layout_gridville

Skill      XL: |  1  2  3 |
---------------+----------+-----
Spellcasting   | 3 |  3.7
Earth Magic    | 4 |  4.6
Dodging        | |  2.1
Stealth        | |  3.0
Transmutations | |  1.1

Action                     |  1- 3 |  4- 6 || total
---------------------------+-------+-------++-------
  Melee: Unarmed           |    42 |       ||    42
         Bite              |     3 |       ||     3
   Cast: Sandblast         |    51 |    30 ||    81
    Use: Potion            |       |     4 ||     4
 Armour: Robe              |    17 |    22 ||    39
  Dodge: Dodged            |    37 |    26 ||    63

Table legend: (Time is in decaauts)
 A = Elapsed time spent in this place.
 B = Non-inter-level travel time spent in this place.
 C = Inter-level travel time spent in this place.
 D = Time resting spent in this place.
 E = Time spent auto-exploring this place.
 F = Levels seen in this place.
 G = Mean time per level.
                   A        B        C        D        E       F      G
               +--------+--------+--------+--------+--------+-----+--------+
         Total |   2732 |   2667 |     65 |    111 |   2164 |   4 |  683.0 |
       Dungeon |   2732 |   2667 |     65 |    111 |   2164 |   4 |  683.0 |
               +--------+--------+--------+--------+--------+-----+--------+

Top non-repeatable levels by time:
     D:1: 1005 daAuts
     D:2: 884 daAuts
     D:3: 558 daAuts
     D:4: 283 daAuts
